 Dungeon Crawl Stone Soup version 0.27.1-1-g398f81649c (webtiles) character file.

Game seed: 9848524628446102659

17644 wilberforce the Basher (level 12, -8/106 HPs)
             Began as a Minotaur Fighter on Sept 10, 2021.
             Was a High Priest of Okawaru.
             Mangled by a four-headed hydra (10 damage)
             ... on level 11 of the Dungeon on Sept 11, 2021.
             The game lasted 00:34:01 (12337 turns).

wilberforce the Basher (Minotaur Fighter)          Turns: 12337, Time: 00:34:02

Health: -8/106     AC: 21    Str: 21    XL:     12   Next: 20%
Magic:  14/14      EV:  8    Int:  5    God:    Okawaru [*****.]
Gold:   747        SH:  0    Dex: 15    Spells: 11/11 levels left

rFire    . . .     SeeInvis .   a - +1 flail (venom)
rCold    . . .     Faith    .   c - +3 kite shield
rNeg     . . .     Spirit   .   o - +1 plate armour
rPois    +         Reflect  .   (helmet restricted)
rElec    .         Harm     .   (no cloak)
rCorr    .         Rampage  .   u - +0 pair of gloves
Will     .....                  (no boots)
Stlth    ..........             (no amulet)
HPRegen  0.27/turn              g - +4 ring of protection
MPRegen  0.14/turn              s - ring of poison resistance

@: confused, mighty, hasted, very quick
A: horns 2, retaliatory headbutt
a: Renounce Religion, Heroism, Finesse


You were on level 11 of the Dungeon.
You worshipped Okawaru.
Okawaru was extremely pleased with you.
You visited 2 branches of the dungeon, and saw 12 of its levels.

You collected 974 gold pieces.
You spent 227 gold pieces at shops.

Inventory:

Hand Weapons
 a - a +1 flail of venom (weapon)
 y - a +2 flail of protection
Missiles
 f - 62 poisoned darts
 i - 6 curare-tipped darts
 t - 6 boomerangs (quivered)
 C - 93 bolts
 J - 6 javelins
Armour
 c - a +3 kite shield (worn)
 o - a +1 plate armour (worn)
 q - the +15 Maxwell's patent armour {-Cast -Tele rElec Will+ rCorr}
   (Okawaru gifted it to you on level 10 of the Dungeon)

   rElec:     It insulates you from electricity.
   -Cast:     It prevents spellcasting.
   -Tele:     It prevents most forms of teleportation.
   rCorr:     It protects you from acid and corrosion.
   Will:      It increases your willpower.
 u - a +0 pair of gloves (worn)
Jewellery
 b - an amulet of magic regeneration
 e - a ring of fire
 g - a +4 ring of protection (left hand)
 h - a ring of resist corrosion
 m - a ring of flight
 s - a ring of poison resistance (right hand)
 F - an amulet of the acrobat
Wands
 d - a wand of iceblast (9)
 p - a wand of flame (37)
 E - a wand of paralysis (16)
Scrolls
 r - 2 scrolls of teleportation
 v - a scroll of enchant weapon
 A - a scroll of amnesia
 D - a scroll of holy word
 H - a scroll of fear
 I - a scroll of fog
Potions
 j - a potion of resistance
 k - a potion of flight
 l - a potion of lignification {unknown}
 n - 4 potions of attraction {unknown}
 x - a potion of heal wounds
 z - a potion of magic {unknown}
 B - 3 potions of might
 G - 2 potions of brilliance {unknown}


   Skills:
 + Level 10.2 Fighting
 * Level 13.3 Maces & Flails
 - Level 5.3 Throwing
 + Level 10.2 Armour
 + Level 5.9 Dodging
 + Level 10.2 Shields
 + Level 5.3 Invocations


You had 11 spell levels left.
You didn't know any spells.
Your spell library contained the following spells:

 Spells                   Type           Power      Damage    Failure   Level
 Foxfire                  Conj/Fire      0%         2x1d4     100%        1
 Slow                     Hex            0%         N/A       100%        2
 Sublimation of Blood     Necr           0%         N/A       100%        2
 Wereblood                Tmut           0%         N/A       100%        2
 Confusing Touch          Hex            0%         N/A       100%        3
 Conjure Flame            Conj/Fire      0%         6-21      100%        3
 Inner Flame              Hex/Fire       0%         N/A       100%        3
 Summon Guardian Golem    Hex/Summ       0%         N/A       100%        3
 Vampiric Draining        Necr           0%         2d6       100%        3
 Orb of Destruction       Conj           0%         N/A       100%        7
 Spellforged Servitor     Conj/Summ      0%         N/A       100%        7
 Summon Hydra             Summ           0%         N/A       100%        7


Dungeon Overview and Level Annotations

Branches:
Dungeon (11/15)            Temple (1/1) D:5            Lair (0/6) D:9
    Orc: D:9-12

Altars:
Ashenzari
Cheibriados
Dithmenos
Elyvilon
Fedhas
Gozag
Hepliaklqana
Kikubaaqudgha
Makhleb
Nemelex Xobeh
Okawaru
Qazlal
Ru
Sif Muna
Trog
Uskayaw
Vehumet
Wu Jian
Xom
Yredelemnul
Zin
The Shining One

Shops:
D:7 ([[:

Annotations:
D:3 1 runed translucent door, Crazy Yiuf
D:10 exclusion: statue


Innate Abilities, Weirdness & Mutations

You have a pair of horns on your head.
You reflexively headbutt those who attack you in melee.


Message History

* * * LOW HITPOINT WARNING * * *
The wraith hits you.
* * * LOW HITPOINT WARNING * * *
You feel much better.
The vampire gestures at you while chanting.
You are more confused.
You are too confused!
You are too confused!
You hit the wraith. Your headbutt misses the wraith.
The wraith is lightly damaged.
The four-headed hydra barely misses you.
The four-headed hydra bites you but does no damage.
The four-headed hydra bites you! The four-headed hydra bites you.
* * * LOW HITPOINT WARNING * * *
The wraith barely misses you.
The four-headed hydra bites you but does no damage. x2
The four-headed hydra bites you!
* * * LOW HITPOINT WARNING * * *
The four-headed hydra bites you.
* * * LOW HITPOINT WARNING * * *
The vampire closely misses you. The vampire barely misses you.
The four-headed hydra bites you.
* * * LOW HITPOINT WARNING * * *
The four-headed hydra barely misses you. x2
The four-headed hydra bites you.
* * * LOW HITPOINT WARNING * * *
You feel very mighty all of a sudden. The vampire closely misses you. x2
The four-headed hydra bites you but does no damage. x2
The four-headed hydra bites you.
* * * LOW HITPOINT WARNING * * *
The four-headed hydra bites you but does no damage.
The vampire hits you but does no damage.
The vampire bites you but does no damage.
The four-headed hydra completely misses you.
The four-headed hydra barely misses you.
The four-headed hydra bites you.
* * * LOW HITPOINT WARNING * * *
The four-headed hydra bites you!
You die...

##......##...#
#........#....
#........#....
#........#....
#########........###..
#......###......##.##.
#......# ##....##...##
#......####'####.....#
#....@.'......')......
#....D.########.......
#...WV.# #.......
#'###### ##.....# #...
#.....# #..... #######
.$...$. #..$.$..#
#.$.$.$V#


You could see a four-headed hydra, a vampire and a wraith.

Vanquished Creatures
  A hydra (D:10)
  A centaur warrior (D:11)
  5 two-headed ogres
  2 cyclopes
  An elephant (D:9)
  The ghost of Naeght the Cleaver, a novice MiFi of Okawaru (D:5)
  3 kobold demonologists (D:8)
  An unseen horror (D:11)
  A komodo dragon (D:10)
  A troll (D:9)
  Prince Ribbit (D:4)
  A shadow (D:10)
  2 wraiths (D:10)
  10 yaks
  A vampire (D:11)
  2 wyverns
  A basilisk (D:9)
  5 vampire mosquitoes
  2 acid dragons
  Duvessa (D:5)
  2 sky beasts (D:6)
  3 black bears
  3 ice beasts
  6 orc warriors
  2 necrophages
  4 ogres
  7 centaurs
  4 phantoms
  A scorpion (D:7)
  5 kobold brigands
  A wyvern zombie (D:9)
  Dowan (D:5)
  A water moccasin zombie (D:6)
  A water moccasin skeleton (D:6)
  A killer bee (D:10)
  9 wights
  2 howler monkeys
  6 centaur zombies
  2 bullfrog skeletons
  7 hounds
  2 centaur skeletons
  11 orc priests
  4 iguanas
  9 orc wizards
  A scorpion zombie (D:5)
  5 gnolls
  5 adders
  A shadow imp (D:6)
  3 white imps
  An ufetubus (D:4)
  4 dart slugs
  29 orcs
  6 bats
  7 endoplasms
  3 giant cockroaches
  8 hobgoblins
  21 kobolds
  2 quokkas
  8 ball pythons
  2 frilled lizards (D:1)
  7 goblins
  6 rats
256 creatures vanquished.

Vanquished Creatures (others)
  An orc (D:11)
  65 fungi (D:9)
  A plant (D:9)
67 creatures vanquished.

Grand Total: 323 creatures vanquished

Notes
Turn   | Place    | Note
-------+----------+-------------------------------------------
     0 | D:1      | wilberforce the Minotaur Fighter began the quest for the
                  | Orb.
     0 | D:1      | Reached XP level 1. HP: 19/19 MP: 0/0
   251 | D:1      | Reached XP level 2. HP: 27/27 MP: 1/1
   325 | D:1      | Reached skill level 3 in Maces & Flails
   477 | D:1      | Reached XP level 3. HP: 32/33 MP: 2/2
  1412 | D:2      | Reached XP level 4. HP: 40/40 MP: 3/3
  1611 | D:3      | Reached skill level 4 in Maces & Flails
  2018 | D:3      | Reached XP level 5. HP: 44/47 MP: 4/4
  2021 | D:3      | Reached skill level 1 in Throwing
  2269 | D:3      | Found a runed translucent door.
  2270 | D:3      | Noticed Crazy Yiuf
  2703 | D:4      | Noticed a necrophage
  2712 | D:4      | Killed a necrophage
  2713 | D:4      | Reached skill level 1 in Dodging
  2797 | D:4      | Reached skill level 5 in Maces & Flails
  2797 | D:4      | Reached XP level 6. HP: 46/55 MP: 5/5
  3461 | D:5      | Entered Level 5 of the Dungeon
  3470 | D:4      | Reached skill level 5 in Fighting
  3470 | D:4      | Reached skill level 5 in Armour
  3475 | D:5      | Noticed Prince Ribbit
  3499 | D:4      | Killed Prince Ribbit
  3500 | D:4      | Reached skill level 6 in Maces & Flails
  3500 | D:4      | Reached skill level 5 in Shields
  3500 | D:4      | Reached XP level 7. HP: 46/61 MP: 6/6
  3878 | D:5      | Reached skill level 7 in Maces & Flails
  3878 | D:5      | Reached XP level 8. HP: 61/70 MP: 7/7
  3951 | D:5      | Noticed Duvessa
  3951 | D:5      | Noticed Dowan
  3970 | D:5      | Killed Duvessa
  4040 | D:5      | Killed Dowan
  4059 | D:5      | Identified a scroll of acquirement
  4059 | D:5      | Acquired a ring of poison resistance
  4395 | D:5      | Found a runed translucent door.
  4617 | D:5      | Reached skill level 8 in Maces & Flails
  4709 | D:5      | Noticed Naeght's ghost (novice MiFi)
  4756 | D:5      | Killed Naeght's ghost
  4980 | D:5      | Found a staircase to the Ecumenical Temple.
  4997 | Temple   | Entered the Ecumenical Temple
  5045 | Temple   | Became a worshipper of Warmaster Okawaru
  5252 | D:6      | Reached XP level 9. HP: 78/78 MP: 8/8
  5503 | D:6      | Reached skill level 9 in Maces & Flails
  5570 | D:6      | Found a snail-covered altar of Cheibriados.
  5940 | D:6      | Reached * piety under Okawaru
  6322 | D:6      | Found a shadowy altar of Dithmenos.
  6591 | D:7      | Found Giodotot's Antique Weapon Shop.
  6608 | D:7      | Bought a runed flail for 227 gold pieces
  6710 | D:7      | Found Somin's Armour Boutique.
  6907 | D:7      | Found Ugruykko's Armour Shop.
  6940 | D:7      | Found Azio's Book Shoppe.
  7271 | D:7      | Reached skill level 10 in Maces & Flails
  7446 | D:8      | Noticed a two-headed ogre
  7455 | D:8      | Killed a two-headed ogre
  7455 | D:8      | Reached ** piety under Okawaru
  7456 | D:8      | Reached XP level 10. HP: 55/88 MP: 9/9
  8216 | D:9      | Noticed a two-headed ogre
  8227 | D:9      | Killed a two-headed ogre
  8227 | D:9      | Reached *** piety under Okawaru
  8228 | D:9      | Reached skill level 1 in Invocations
  8329 | D:9      | Noticed a soul eater
  8365 | D:8      | Noticed a soul eater
  8367 | D:8      | Noticed a sixfirhy
  8368 | D:8      | Noticed a rust devil
  8374 | D:8      | Reached skill level 11 in Maces & Flails
  8706 | D:9      | Found a staircase to the Lair.
  8706 | D:9      | Noticed an elephant
  8732 | D:9      | Killed an elephant
  8733 | D:9      | Reached skill level 5 in Dodging
  9117 | D:9      | Found a sacrificial altar of Ru.
  9120 | D:9      | Noticed a two-headed ogre
  9130 | D:9      | Killed a two-headed ogre
  9130 | D:9      | Reached **** piety under Okawaru
  9206 | D:9      | Found a blossoming altar of Fedhas.
  9234 | D:9      | Reached XP level 11. HP: 85/97 MP: 12/12
 10072 | D:9      | Reached skill level 12 in Maces & Flails
 10237 | D:10     | Entered Level 10 of the Dungeon
 10306 | D:10     | Reached ***** piety under Okawaru
 10679 | D:10     | Found a radiant altar of Vehumet.
 10714 | D:10     | Found a stormy altar of Qazlal.
 10879 | D:10     | Noticed a two-headed ogre
 10897 | D:10     | Killed a two-headed ogre
 10934 | D:10     | Reached skill level 5 in Throwing
 10963 | D:10     | Noticed a seven-headed hydra
 10980 | D:10     | Received a gift from Okawaru
 10980 | D:10     | Found the +15 Maxwell's patent armour {-Cast -Tele rElec
                  | Will+ rCorr}
 11056 | D:10     | Killed a seven-headed hydra
 11566 | D:11     | Noticed a centaur warrior
 11579 | D:11     | Killed a centaur warrior
 11580 | D:11     | Reached skill level 10 in Shields
 11595 | D:11     | Reached skill level 10 in Fighting
 11596 | D:11     | Reached skill level 13 in Maces & Flails
 11786 | D:11     | Reached skill level 10 in Armour
 11786 | D:11     | Reached XP level 12. HP: 97/106 MP: 14/14
 11899 | D:11     | Reached skill level 5 in Invocations
 12208 | D:11     | Noticed a two-headed ogre
 12215 | D:11     | Killed a two-headed ogre
 12308 | D:11     | Noticed a four-headed hydra
 12335 | D:11     | HP: 3/106 [four-headed hydra (4)]
 12337 | D:11     | Mangled by a four-headed hydra

Illustrated notes

Levels and vault maps discovered:
D:1:      beargit_arrival_greenhouse, layout_loops_corners
D:2:      layout_basic
D:3:      layout_basic, minmay_pentangle, uniq_crazy_yiuf_cottage
D:4:      layout_basic
D:5:      layout_gridville, minmay_temple_entry_offerings,
          ebering_ghost_sewer_d, hex_medium, uniq_prince_ribbit1, uniq_duvessa
D:6:      layout_basic, grunt_dithmenos_shadows, kennysheep_slug_shrine
D:7:      layout_loops_ring, serial_shops, kennysheep_mini_moat,
          nicolae_shop_crystal, shop, kennysheep_mini, feat_on_display
D:8:      layout_cave_pools, lemuel_flame_loot_1
D:9:      layout_irregular_city, mainiacjoe_overflow_catch_the_wave,
          david_lair_generic
D:10:     wad_guarded_room, layout_loops_ring, vehumet_statue,
          grunt_qazlal_sundering, nrook_mini_vaults
D:11:     minmay_polygon_palace, layout_cave_pools, uniq_harold
Temple:   eino_temple_rhombus

Skill      XL: |  1  2  3  4  5  6  7  8  9 10 11 12 |
---------------+-------------------------------------+-----
Maces & Flails | 3 4 5 6 7 8 10 11 13 | 13.3
Fighting       | 4 5 6 8 9 10 | 10.2
Armour         | 4 5 6 8 10 | 10.2
Shields        | 4 5 6 8 9 10 | 10.2
Throwing       | 1 2 4 5 |  5.3
Dodging        | 1 2 3 4 5 |  5.9
Invocations    | 3 4 5 |  5.3

Action                   |  1- 3 |  4- 6 |  7- 9 | 10-12 || total
-------------------------+-------+-------+-------+-------++-------
Melee: Flail             |    89 |    73 |   307 |   486 ||   955
       Headbutt          |    11 |    12 |    76 |   134 ||   233
Throw: Dart              |       |     2 |    12 |    20 ||    34
       Boomerang         |       |       |     5 |    24 ||    29
Invok: Heroism           |       |       |       |     4 ||     4
       Finesse           |       |       |       |     1 ||     1
Evoke: Wand              |       |     3 |       |       ||     3
  Use: Scroll            |     5 |     4 |    10 |     2 ||    21
       Potion            |       |     2 |     2 |     6 ||    10
 Stab: Invisible         |       |       |       |     2 ||     2
Armor: Scale mail        |    39 |    12 |       |       ||    51
       Plate armour      |       |    24 |   171 |   284 ||   479
Dodge: Dodged            |    21 |    16 |    46 |   156 ||   239
Block: Kite shield       |    46 |    37 |   155 |   393 ||   631
